PAA
RICHLAND RAILS @ SACRAMENTO WHITECAPS
08/21/2021
 
TOP OF THE 1ST
Richland Rails batting - Pitching for Sacramento Whitecaps : RHP Javier Dávila
Pitching: RHP Javier Dávila
Batting: LHB Eduardo Álvarez 0-0: Ball
1-0: Foul Ball, location: 2F
1-1: Ball
2-1: Ball
3-1: Foul Ball, location: 2F
3-2: Base on Balls
Batting: RHB Zach Lewis 0-0: Ball
1-0: Ball
2-0: Ball
3-0: Base on Balls
Eduardo Álvarez to second
Batting: RHB Miguel Vidro 0-0: Ball
1-0: Foul Ball, location: 2F
1-1: Called Strike
1-2: Fielders Choice at 2nd, 5-4 (Groundball, 56)
Eduardo Álvarez to third
Batting: RHB Jack Davis 0-0: Swinging Strike
0-1: Ball
Wild Pitch!
Eduardo Álvarez scores
Miguel Vidro to second
1-1: Swinging Strike
1-2: Strikes out swinging
Batting: RHB Alexis Smeddon 0-0: DOUBLE (Line Drive, 78S)
Miguel Vidro scores
Batting: RHB Francisco Avelleyra 0-0: Ball
1-0: Ball
2-0: Ball
3-0: Base on Balls
Batting: RHB Juan Martínez 0-0: Ball
1-0: Hit by Pitch
Alexis Smeddon to third
Francisco Avelleyra to second
Batting: LHB Chris Stoltzfus 0-0: Called Strike
0-1: Foul Ball, location: 2F
0-2: Foul Ball, location: 2F
0-2: Fly out, F9 (Flyball, 9M)
Top of the 1st over - 2 run(s), 1 hit(s), 0 error(s), 3 left on base; Richland 2 - Sacramento 0
BOTTOM OF THE 1ST
Sacramento Whitecaps batting - Pitching for Richland Rails : RHP Pancho Pantoja
Pitching: RHP Pancho Pantoja
Batting: SHB Valentín Guzmán 0-0: Called Strike
0-1: Fly out, F8 (Flyball, 8LM)
Batting: RHB Bill McCarty 0-0: Ball
1-0: Swinging Strike
1-1: Swinging Strike
1-2: Strikes out swinging
Batting: LHB Gustavo Cortéz 0-0: Called Strike
0-1: Swinging Strike
0-2: Ball
1-2: Foul Ball, location: 2F
1-2: Ball
2-2: Strikes out swinging
Bottom of the 1st over - 0 run(s), 0 hit(s), 0 error(s), 0 left on base; Richland 2 - Sacramento 0
TOP OF THE 2ND
Richland Rails batting - Pitching for Sacramento Whitecaps : RHP Javier Dávila
Batting: RHB Andrew Hall 0-0: Ball
1-0: Called Strike
1-1: Ball
2-1: Foul Ball, location: 2F
2-2: Ball
3-2: Strikes out swinging
Batting: LHB Eduardo Álvarez 0-0: Called Strike
0-1: Swinging Strike
0-2: SINGLE (Groundball, 34D) (infield hit)
Batting: RHB Zach Lewis 0-0: Foul Ball, location: 2F
0-1: Called Strike
0-2: Strikes out swinging
Batting: RHB Miguel Vidro 0-0: Ball
1-0: Called Strike
1-1: Ball
2-1: Swinging Strike
2-2: Ball
3-2: Base on Balls
Eduardo Álvarez to second
Batting: RHB Jack Davis 0-0: Ball
1-0: Fly out, F8 (Flyball, 8LD)
Top of the 2nd over - 0 run(s), 1 hit(s), 0 error(s), 2 left on base; Richland 2 - Sacramento 0
BOTTOM OF THE 2ND
Sacramento Whitecaps batting - Pitching for Richland Rails : RHP Pancho Pantoja
Batting: LHB Jarred Smith 0-0: Ball
1-0: Fly out, F9 (Popup, 4D)
Batting: RHB Jeffery Campbell 0-0: Ball
1-0: Called Strike
1-1: Swinging Strike
1-2: Ball
2-2: Strikes out swinging
Batting: LHB Geremia Napolitano 0-0: Ball
1-0: Ground out 4-3 (Groundball, 4)
Bottom of the 2nd over - 0 run(s), 0 hit(s), 0 error(s), 0 left on base; Richland 2 - Sacramento 0
TOP OF THE 3RD
Richland Rails batting - Pitching for Sacramento Whitecaps : RHP Javier Dávila
Batting: RHB Alexis Smeddon 0-0: Fly out, F9 (Popup, 9S)
Batting: RHB Francisco Avelleyra 0-0: Foul Ball, location: 2F
0-1: Ball
1-1: SINGLE (Line Drive, 4D)
Batting: RHB Juan Martínez 0-0: Ball
1-0: Ball
2-0: Swinging Strike
2-1: Called Strike
2-2: DOUBLE (Line Drive, 9LM)
Francisco Avelleyra to third
Francisco Avelleyra scores
Batting: LHB Chris Stoltzfus 0-0: SINGLE (Groundball, 34D)
Juan Martínez to third
Runner from 3rd tries for Home, SAFE, no throw or cutoff
Batting: RHB Andrew Hall 0-0: Called Strike
0-1: Foul Ball, location: 2F
0-2: Ball
1-2: Foul Ball, location: 2F
1-2: Fielders Choice at 2nd, 1-6 (Groundball, 23)
Batting: LHB Eduardo Álvarez 0-0: Ball
1-0: Ball
2-0: Ground out 1-3 (Groundball, 15S)
Top of the 3rd over - 2 run(s), 3 hit(s), 0 error(s), 1 left on base; Richland 4 - Sacramento 0
BOTTOM OF THE 3RD
Sacramento Whitecaps batting - Pitching for Richland Rails : RHP Pancho Pantoja
Batting: RHB Bernaldyn Berbedo 0-0: Called Strike
0-1: Called Strike
0-2: Foul Ball, location: 2F
0-2: Ball
1-2: Ball
2-2: Fly out, F8 (Flyball, 8RS)
Batting: RHB Greg Hart 0-0: Called Strike
0-1: SINGLE (Line Drive, 7S)
Batting: RHB José Casarreal 0-0: Ball
Wild Pitch!
Greg Hart to second
1-0: Called Strike
1-1: Foul Ball, location: 2F
1-2: Ground out 6-3 (Groundball, 6M)
Greg Hart to third
Batting: SHB Valentín Guzmán 0-0: Called Strike
0-1: Ball
1-1: Called Strike
1-2: Foul Ball, location: 2F
1-2: Ball
2-2: Ball
3-2: Strikes out swinging
Bottom of the 3rd over - 0 run(s), 1 hit(s), 0 error(s), 1 left on base; Richland 4 - Sacramento 0
TOP OF THE 4TH
Richland Rails batting - Pitching for Sacramento Whitecaps : RHP Javier Dávila
Batting: RHB Zach Lewis 0-0: Ground out 6-3 (Groundball, 6)
Batting: RHB Miguel Vidro 0-0: Called Strike
0-1: Swinging Strike
0-2: SINGLE (Line Drive, 8LS)
Batting: RHB Jack Davis 0-0: Ball
1-0: Ball
2-0: Ball
3-0: Base on Balls
Miguel Vidro to second
Batting: RHB Alexis Smeddon 0-0: Grounds into double play, 5-4-3 (Groundball, 56)
Top of the 4th over - 0 run(s), 1 hit(s), 0 error(s), 1 left on base; Richland 4 - Sacramento 0
BOTTOM OF THE 4TH
Sacramento Whitecaps batting - Pitching for Richland Rails : RHP Pancho Pantoja
Batting: RHB Bill McCarty 0-0: Ball
1-0: Called Strike
1-1: Foul Ball, location: 2F
1-2: Ball
2-2: Ball
3-2: Strikes out looking
Batting: LHB Gustavo Cortéz 0-0: Called Strike
0-1: Foul Ball, location: 2F
0-2: Ball
1-2: Foul Ball, location: 2F
1-2: Foul Ball, location: 2F
1-2: Ground out U3 (Groundball, 3)
Batting: LHB Jarred Smith 0-0: Called Strike
0-1: Ball
1-1: Ball
2-1: Ball
3-1: Base on Balls
Batting: RHB Jeffery Campbell 0-0: Ball
1-0: Called Strike
Jarred Smith is caught stealing 2nd base
Bottom of the 4th over - 0 run(s), 0 hit(s), 0 error(s), 0 left on base; Richland 4 - Sacramento 0
TOP OF THE 5TH
Richland Rails batting - Pitching for Sacramento Whitecaps : RHP Javier Dávila
Batting: RHB Francisco Avelleyra 0-0: Foul Ball, location: 2F
0-1: Ground out 5-3 (Groundball, 56S)
Batting: RHB Juan Martínez 0-0: Foul Ball, location: 2F
0-1: Called Strike
0-2: Strikes out swinging
Batting: LHB Chris Stoltzfus 0-0: Called Strike
0-1: Ball
1-1: Ball
2-1: Foul Ball, location: 2F
2-2: Ball
3-2: Fly out, F9 (Flyball, 9S)
Top of the 5th over - 0 run(s), 0 hit(s), 0 error(s), 0 left on base; Richland 4 - Sacramento 0
BOTTOM OF THE 5TH
Sacramento Whitecaps batting - Pitching for Richland Rails : RHP Pancho Pantoja
Batting: RHB Jeffery Campbell 0-0: Foul Ball, location: 2F
0-1: Foul Ball, location: 2F
0-2: Foul Ball, location: 2F
0-2: SINGLE (Line Drive, 34D)
Batting: LHB Geremia Napolitano 0-0: Foul Ball, location: 2F
0-1: Fly out, F9 (Flyball, 9M)
Batting: RHB Bernaldyn Berbedo 0-0: Ball
1-0: Swinging Strike
1-1: Swinging Strike
1-2: Ball
2-2: Ball
3-2: Base on Balls
Jeffery Campbell to second
Batting: RHB Greg Hart 0-0: Swinging Strike
0-1: Swinging Strike
0-2: Strikes out swinging
Batting: RHB José Casarreal 0-0: Fly out, F7 (Line Drive, 78M)
Bottom of the 5th over - 0 run(s), 1 hit(s), 0 error(s), 2 left on base; Richland 4 - Sacramento 0
TOP OF THE 6TH
Richland Rails batting - Pitching for Sacramento Whitecaps : RHP Javier Dávila
Batting: RHB Andrew Hall 0-0: Ball
1-0: Swinging Strike
1-1: Ball
2-1: Ball
3-1: Called Strike
3-2: Strikes out swinging
Batting: LHB Eduardo Álvarez 0-0: Foul Ball, location: 2F
0-1: Ball
1-1: SINGLE (Line Drive, 56D)
Batting: RHB Zach Lewis 0-0: Called Strike
Eduardo Álvarez steals 2nd base
0-1: Ball
1-1: Foul Ball, location: 2F
1-2: Ground out 6-3 (Groundball, 6M)
Eduardo Álvarez to third
Batting: RHB Miguel Vidro 0-0: Foul Ball, location: 2F
0-1: Ball
1-1: Ball
2-1: SINGLE (Groundball, 34D)
Eduardo Álvarez scores
Pitching: LHP Luis Luna
Batting: RHB Jack Davis 0-0: Swinging Strike
0-1: Foul Ball, location: 2F
0-2: SINGLE (Line Drive, 9S)
Miguel Vidro to second
Runner from 2nd tries for 3rd, SAFE, throw made to third
Pinch Runner at 3rd Valentín Salas:
Batting: RHB Alexis Smeddon 0-0: Ball
1-0: Ground out 4-3 (Groundball, 34)
Top of the 6th over - 1 run(s), 3 hit(s), 0 error(s), 2 left on base; Richland 5 - Sacramento 0
BOTTOM OF THE 6TH
Sacramento Whitecaps batting - Pitching for Richland Rails : RHP Pancho Pantoja
Now at 3B: Valentín Salas
Batting: SHB Valentín Guzmán 0-0: Foul Ball, location: 2F
0-1: Ball
1-1: Swinging Strike
1-2: Strikes out swinging
Batting: RHB Bill McCarty 0-0: Called Strike
0-1: Ball
1-1: Ball
2-1: Fly out, F9 (Line Drive, 89XD)
Batting: LHB Gustavo Cortéz 0-0: Ball
1-0: Foul Ball, location: 2F
1-1: Ball
2-1: Ball
3-1: Called Strike
3-2: Strikes out swinging
Bottom of the 6th over - 0 run(s), 0 hit(s), 0 error(s), 0 left on base; Richland 5 - Sacramento 0
TOP OF THE 7TH
Richland Rails batting - Pitching for Sacramento Whitecaps : LHP Luis Luna
Batting: RHB Francisco Avelleyra 0-0: SINGLE (Flyball, 7S)
Batting: RHB Juan Martínez 0-0: Ball
1-0: Sac Bunt - play at first, batter OUT! 1-3
Francisco Avelleyra to second
Batting: LHB Chris Stoltzfus 0-0: Ball
1-0: Ball
2-0: Foul Ball, location: 2F
2-1: SINGLE (Line Drive, 89M)
Francisco Avelleyra to third
Runner from 3rd tries for Home, SAFE, no throw or cutoff
Batting: RHB Andrew Hall 0-0: Called Strike
0-1: Called Strike
Chris Stoltzfus is caught stealing 2nd base
0-2: Ball
1-2: Ball
2-2: Ball
3-2: Ground out 4-3 (Groundball, 4)
Top of the 7th over - 1 run(s), 2 hit(s), 0 error(s), 0 left on base; Richland 6 - Sacramento 0
BOTTOM OF THE 7TH
Sacramento Whitecaps batting - Pitching for Richland Rails : RHP Pancho Pantoja
Batting: LHB Jarred Smith 0-0: Called Strike
0-1: Foul Ball, location: 2F
0-2: Foul Ball, location: 2F
0-2: Ball
1-2: SINGLE (Flyball, 89S)
Batting: RHB Jeffery Campbell 0-0: SINGLE (Line Drive, 6MD)
Jarred Smith to second
Batting: LHB Geremia Napolitano 0-0: Ball
1-0: Fly out, F9 (Flyball, 89M)
Batting: RHB Bernaldyn Berbedo 0-0: Ball
1-0: Foul Ball, location: 2F
1-1: Ball
2-1: Grounds into double play, 4-6-3 (Groundball, 34)
Bottom of the 7th over - 0 run(s), 2 hit(s), 0 error(s), 1 left on base; Richland 6 - Sacramento 0
TOP OF THE 8TH
Richland Rails batting - Pitching for Sacramento Whitecaps : LHP Luis Luna
Batting: LHB Eduardo Álvarez 0-0: Called Strike
0-1: Ball
1-1: Ball
2-1: Foul Ball, location: 2F
2-2: Fly out, F4 (Line Drive, 34)
Batting: RHB Zach Lewis 0-0: Ball
1-0: Ball
2-0: Reached on error, E2 (Groundball, 25)
Batting: LHB Valentín Salas 0-0: Ball
1-0: Ball
2-0: Called Strike
2-1: Ball
3-1: Called Strike
3-2: SINGLE (Groundball, 34S)
Zach Lewis to third
Batting: RHB Jack Davis 0-0: Ball
1-0: Foul Ball, location: 2F
1-1: Ball
2-1: Ball
3-1: Fly out, F8 (Line Drive, 8RS)
Batting: RHB Alexis Smeddon 0-0: Ball
1-0: Foul Ball, location: 2F
1-1: Ball
2-1: Ball
Wild Pitch!
Zach Lewis scores
Valentín Salas to second
3-1: Base on Balls
Batting: RHB Francisco Avelleyra 0-0: Ball
1-0: Fly out, F3 (Popup, 3SF)
Top of the 8th over - 1 run(s), 1 hit(s), 1 error(s), 2 left on base; Richland 7 - Sacramento 0
BOTTOM OF THE 8TH
Sacramento Whitecaps batting - Pitching for Richland Rails : RHP Pancho Pantoja
Batting: RHB Greg Hart 0-0: Ball
1-0: Ball
2-0: Ball
3-0: Called Strike
3-1: Foul Ball, location: 2F
3-2: Strikes out swinging
Batting: RHB José Casarreal 0-0: Foul Ball, location: 2F
0-1: Swinging Strike
0-2: Ground out 4-3 (Groundball, 4)
Pinch Hitting: RHB Jim Unknown 0-0: Foul Ball, location: 2F
0-1: Called Strike
0-2: Ball
1-2: Ball
2-2: Ball
3-2: Base on Balls
Pitching: RHP Kozue Koga
Batting: RHB Bill McCarty 0-0: Ground out 1-3 (Groundball, 15)
Bottom of the 8th over - 0 run(s), 0 hit(s), 0 error(s), 1 left on base; Richland 7 - Sacramento 0
TOP OF THE 9TH
Richland Rails batting - Pitching for Sacramento Whitecaps : LHP Luis Luna
Pitching: RHP Martín Flores
Now in CF: Jim Unknown
Batting: RHB Juan Martínez 0-0: Called Strike
0-1: Foul Ball, location: 2F
0-2: SINGLE (Groundball, 6M)
Pitching: RHP Jim Unknown
Batting: LHB Chris Stoltzfus 0-0: Called Strike
0-1: Bunt missed!
0-2: SINGLE (Groundball, 34S)
Juan Martínez to second
Runner from 2nd tries for 3rd, SAFE, no throw or cutoff
Batting: RHB Andrew Hall 0-0: Ball
1-0: Foul Ball, location: 2F
1-1: Ball
2-1: Foul Ball, location: 2F
2-2: Ball
3-2: Foul Ball, location: 2F
3-2: Strikes out swinging
Batting: LHB Eduardo Álvarez 0-0: Ball
1-0: Called Strike
1-1: Foul Ball, location: 2F
1-2: DOUBLE (Line Drive, 89D)
Juan Martínez scores
Chris Stoltzfus to third
Runner from 3rd tries for Home, SAFE, no throw or cutoff
Batting: RHB Zach Lewis 0-0: Ball
1-0: Ball
2-0: Ball
3-0: Called Strike
3-1: Base on Balls
Batting: LHB Valentín Salas 0-0: SINGLE (Line Drive, 89M)
Eduardo Álvarez to third
Zach Lewis to second
Runner from 3rd tries for Home, SAFE, no throw or cutoff
Batting: RHB Jack Davis 0-0: Foul Ball, location: 2F
0-1: Ball
1-1: Foul Ball, location: 2F
1-2: Grounds into double play, 6-4-3 (Groundball, 6)
Top of the 9th over - 3 run(s), 4 hit(s), 0 error(s), 1 left on base; Richland 10 - Sacramento 0
BOTTOM OF THE 9TH
Sacramento Whitecaps batting - Pitching for Richland Rails : RHP Kozue Koga
Now at 2B: John Ramsey
Batting: LHB Gustavo Cortéz 0-0: Foul Ball, location: 2F
0-1: Ball
1-1: Foul Ball, location: 2F
1-2: Ball
2-2: Fly out, F8 (Flyball, 8LD)
Batting: LHB Jarred Smith 0-0: Ball
1-0: Foul Ball, location: 2F
1-1: Called Strike
1-2: SINGLE (Line Drive, 5D)
Pinch Hitting: RHB Jason Shaffer 0-0: Ball
1-0: Fly out, F7 (Line Drive, 78S)
Batting: LHB Geremia Napolitano 0-0: Swinging Strike
0-1: Swinging Strike
0-2: Ground out U3 (Groundball, 3)
Bottom of the 9th over - 0 run(s), 1 hit(s), 0 error(s), 1 left on base; Richland 10 - Sacramento 0
This league is powered by Out of the Park Baseball, the baseball management simulation game for PC, Mac and Linux
Friday, January 22nd, 2016 - OOTP Baseball 16.9 Build 39